 Dungeon Sprint DCSS version 0.20-a0-32-gb8e7c72 (webtiles) character file.

69582 useraccount the Sensei (level 15, -14/120 HPs)
             Began as an Octopode Monk on Nov 9, 2016.
             Was a High Priest of Cheibriados.
             Killed by the air
             ... invoked by Sojobo
              (34 damage)
             ... in the Dungeon (Sprint IX: "|||||||||||||||||||||||||||||").
             The game lasted 00:08:14 (5089 turns).

useraccount the Sensei (Octopode Monk)              Turns: 5089, Time: 00:08:15

Health: -14/120    AC:  6    Str: 31    XL:     15   Next: 30%
Magic:  4/28       EV: 35    Int: 24    God:    Cheibriados [*****.]
Gold:   376        SH:  0    Dex: 35    Spells: 0 memorised, 14 levels left

rFire  + + .     SeeInvis .       - Unarmed
rCold  . . .     Gourm    .     (no shield)
rNeg   + + .     Faith    .     (helmet restricted)
rPois  +         Spirit   .     v - amulet of regeneration
rElec  .         Reflect  .     m - +6 ring of strength
rCorr  .         Harm     .     n - +2 ring of protection
MR     +....     NoTele   +     w - ring of Mysticism {rF+ rN+}
Stlth  ++++++++++               x - ring "Yxtiuf" {rN+ Dex+4}
                                y - ring of poison resistance
                                z - ring of protection from fire
                                A - +3 ring of protection
                                C - +2 ring of slaying

@: very slow
A: almost no armour, stealthy swim, amphibious, 8 rings, constrict 8, camouflage
1, gelatinous body 1
a: Bend Time, Temporal Distortion, Slouch, Step From Time, Renounce Religion


You were in the Dungeon.
You worshipped Cheibriados.
Cheibriados was extremely pleased with you.
You were not hungry.

You visited 1 branch You collected 1889 gold pieces.
You spent 1513 gold pieces at shops.

Inventory:

Jewellery
 m - a +6 ring of strength (left tentacle)
 n - a +2 ring of protection (right tentacle)
 v - an amulet of regeneration (around mantle)
 w - the ring of Mysticism (on tentacle) {rF+ rN+}
   (You bought it in a shop in the Dungeon)

   [ring of protection from fire]

   It protects you from fire.
   It protects you from negative energy.
 x - the ring "Yxtiuf" (on tentacle) {rN+ Dex+4}
   (You bought it in a shop in the Dungeon)

   [ring of positive energy]

   It affects your dexterity (+4).
   It protects you from negative energy.
 y - a ring of poison resistance (on tentacle)
 z - a ring of protection from fire (on tentacle)
 A - a +3 ring of protection (on tentacle)
 C - a +2 ring of slaying (on tentacle)
Wands
 l - a wand of iceblast (7/15)
 B - a wand of teleportation (1/9)
Scrolls
 g - 3 scrolls of blinking
 j - 6 scrolls of remove curse
 k - 2 scrolls of amnesia
 o - 8 scrolls of enchant weapon
 p - 4 scrolls of enchant armour
 q - 3 scrolls of identify
 r - 2 scrolls of fear
 E - a scroll of fog
Potions
 b - 7 potions of curing
 c - 19 potions of heal wounds
 d - 3 potions of haste
 e - 4 potions of magic
 f - 2 potions of berserk rage
 h - a potion of might
 i - a potion of invisibility
 u - 2 potions of cure mutation
 D - a potion of resistance
Comestibles
 a - 11 bread rations
 s - 40 fruits
 t - 12 meat rations
 F - 4 chunks of flesh


   Skills:
 + Level 17.5 Fighting
 + Level 17.5 Dodging
 + Level 23.1 Stealth
 * Level 23.3 Unarmed Combat
 + Level 18.2 Invocations


You had 14 spell levels left.
You didn't know any spells.

Dungeon Overview and Level Annotations

Branches:
Dungeon (1/1)

Altars:
Cheibriados
Dithmenos
Elyvilon
Fedhas
Gozag
Hepliaklqana
Kikubaaqudgha
Makhleb
Nemelex Xobeh
Okawaru
Qazlal
Ru
Sif Muna
Trog
Uskayaw
Vehumet
Xom
Yredelemnul
Zin
The Shining One
Beogh
Jiyva
Lugonu

Shops:
D *?=!

Annotations:
D Sojobo


Innate Abilities, Weirdness & Mutations

You cannot wear most types of armour.
You are very stealthy in the water. (Stealth+)
You are amphibious.
You can wear up to eight rings at the same time.
You can use your tentacles to constrict eight enemies at once.
Your skin changes colour to match your surroundings (Stealth+).
Your rubbery body absorbs attacks. (AC +1, EV +1)


Message History

You destroy the battlesphere!
You feel somewhat more hungry.
Cheibriados lowers the support of your attributes as your movement quickens.
The tengu reaver hits you from afar with an enchanted bardiche!!
* * * LOW HITPOINT WARNING * * *
You can feel time thicken for a moment.
You feel somewhat more hungry.
You can feel time thicken for a moment.
You kill the tengu reaver!
Cheibriados appreciates the change of pace.
Your Stealth skill increases to level 23!
You kill the tengu reaver!
Cheibriados appreciates the change of pace.
You feel somewhat more hungry.
Sojobo conjures a fierce blast of wind!
You are blown backwards!
You can feel time thicken for a moment.
You feel somewhat more hungry.
Cheibriados lowers the support of your attributes as your movement quickens.
Sojobo waves her feathered arms in wide circles.
The air twists around and strikes you!
You die...

▓.▓.▓.▓.▓.▓.▓.▓.▓.
▓)▓.▓.▓.▓.▓.▓.▓.▓.
▓.▓.▓.▓.▓.▓.▓.▓.▓.
▓.▓.▓.▓.▓.▓.▓.▓.▓.
▓)▓.▓.▓.▓.▓.▓.▓.▓.
▓.▓.▓.▓'▓.▓.▓.▓'▓.
▓.▓'▓.▓.▓.▓.▓.▓.▓.
▓.▓.▓.▓.▓.▓.▓.▓.▓.
▓@▓.▓.▓.▓.▓'▓.▓.▓.
▓§▓.▓.▓.▓.▓.▓.▓.▓.
▓.▓.▓.▓.▓.▓.▓.▓.▓.
▓)▓.▓.▓.▓.▓.▓.▓.▓.
▓Q▓.▓.▓.▓.▓.▓.▓.▓.
▓)▓.▓.▓.▓.▓.▓.▓.▓.
▓.▓.▓.▓.▓.▓%▓.▓)▓.
▓.▓.▓.▓.▓.▓.▓.▓)▓.
▓§▓.▓.▓)▓.▓%▓.▓)▓.


You could see Sojobo.

Vanquished Creatures
  Mara (D)
  Frederick (D)
  A tentacled monstrosity (D)
  Kirke (D)
  A thorn hunter (D)
  3 tengu reavers (D)
  A fire giant (D)
  A vault warden (D)
  An orc warlord (D)
  Louise (D)
  2 frost giants (D)
  2 ironheart preservers (D)
  An entropy weaver (D)
  2 stone giants (D)
  2 ettins (D)
  Snorg (D)
  3 fire dragons (D)
  2 yaktaur captains (D)
  An ogre mage (D)
  2 great orbs of eyes (D)
  A rakshasa (D)
  2 centaur warriors (D)
  Erica (D)
  2 anacondas (D)
  A deep troll earth mage (D)
  A spriggan berserker (D)
  2 sea snakes (D)
  2 hell knights (D)
  A spriggan druid (D)
  A glowing orange brain (D)
  A deep elf archer (D)
  2 orc knights (D)
  A hill giant (D)
  2 necromancers (D)
  4 orc sorcerers (D)
  A manticore (D)
  2 moths of wrath (D)
  A wolf spider (D)
  A deep elf mage (D)
  An ugly thing (D)
  8 elephants (D)
  A water nymph (D)
  4 black mambas (D)
  2 guardian serpents (D)
  3 vault sentinels (D)
  A salamander (D)
  Psyche (D)
  2 spiny frogs (D)
  A gargoyle (D)
  A yaktaur (D)
  An efreet (D)
  A freezing wraith (D)
  2 merfolk (D)
  2 tengu conjurers (D)
  2 trolls (D)
  A hornet (D)
  A wind drake (D)
  2 bog bodies (D)
  3 slime creatures (D)
  A hippogriff (D)
  2 snapping turtles (D)
  3 redbacks (D)
  A tarantella (D)
  2 hogs (D)
  2 wyverns (D)
  A tarantella (shapeshifter) (D)
  A yak (D)
  A vampire mosquito (D)
  A basilisk (D)
  2 water moccasins (D)
  2 porcupines (D)
  3 black bears (D)
  8 orc warriors (D)
  2 sky beasts (D)
  A swamp drake (D)
  An ogre (D)
  2 centaurs (D)
  4 crocodiles (D)
  3 bullfrogs (D)
  A crimson imp (D)
  5 orc priests (D)
  A hound (D)
  15 orc wizards (D)
  3 worker ants (D)
  An adder (D)
  An adder simulacrum (D)
  9 orcs (D)
  A ball python (D)
  A bat (D)
  A giant cockroach (D)
  A goblin (D)
  A hobgoblin (D)
  A bat simulacrum (D)
  A giant cockroach zombie (D)
  A kobold (D)
  A quokka skeleton (D)
187 creatures vanquished.

Vanquished Creatures (others)
  A spatial maelstrom (D)
  A human (D)
2 creatures vanquished.

Grand Total: 189 creatures vanquished

Notes
Turn   | Place    | Note
-------+----------+-------------------------------------------
     0 | D        | useraccount the Octopode Monk began the quest for the Orb.
     0 | D        | Reached XP level 1. HP: 16/16 MP: 1/1
     3 | D        | Banished a spatial maelstrom
    44 | D        | Noticed an orc wizard
    44 | D        | Noticed an ogre
    51 | D        | Killed an ogre
    51 | D        | Reached XP level 2. HP: 20/23 MP: 2/2
    51 | D        | Reached XP level 3. HP: 24/27 MP: 3/3
    51 | D        | Reached XP level 4. HP: 30/34 MP: 4/4
    60 | D        | Reached skill level 5 in Fighting
    60 | D        | Reached skill level 5 in Dodging
    60 | D        | Reached XP level 5. HP: 32/39 MP: 5/5
   127 | D        | Found a roughly hewn altar of Beogh.
   127 | D        | Found a snail-covered altar of Cheibriados.
   127 | D        | Found a shadowy altar of Dithmenos.
   127 | D        | Found a white marble altar of Elyvilon.
   127 | D        | Found a blossoming altar of Fedhas.
   127 | D        | Found an opulent altar of Gozag.
   128 | D        | Found a hazy altar of Hepliaklqana.
   129 | D        | Found a viscous altar of Jiyva.
   130 | D        | Found an ancient bone altar of Kikubaaqudgha.
   131 | D        | Found a corrupted altar of Lugonu.
   132 | D        | Found a burning altar of Makhleb.
   133 | D        | Found a sparkling altar of Nemelex Xobeh.
   134 | D        | Found an iron altar of Okawaru.
   135 | D        | Found a stormy altar of Qazlal.
   136 | D        | Found a sacrificial altar of Ru.
   137 | D        | Found a deep blue altar of Sif Muna.
   138 | D        | Found a bloodstained altar of Trog.
   139 | D        | Found a hide-covered altar of Uskayaw.
   140 | D        | Found a radiant altar of Vehumet.
   141 | D        | Found a shimmering altar of Xom.
   142 | D        | Found a basalt altar of Yredelemnul.
   143 | D        | Found a glowing silver altar of Zin.
   144 | D        | Found a glowing golden altar of the Shining One.
   163 | D        | Became a worshipper of Cheibriados the Contemplative
   163 | D        | Reached * piety under Cheibriados
   163 | D        | Reached ** piety under Cheibriados
   204 | D        | Noticed a black bear
   204 | D        | Noticed a sky beast
   213 | D        | Reached skill level 1 in Invocations
   217 | D        | Reached *** piety under Cheibriados
   222 | D        | Killed a sky beast
   222 | D        | Reached XP level 6. HP: 24/46 MP: 5/8
   225 | D        | Killed a black bear
   227 | D        | Reached XP level 7. HP: 25/53 MP: 5/10
   410 | D        | Noticed a gargoyle
   412 | D        | Reached **** piety under Cheibriados
   422 | D        | Killed a gargoyle
   422 | D        | Reached skill level 10 in Stealth
   422 | D        | Reached skill level 10 in Unarmed Combat
   422 | D        | Reached skill level 5 in Invocations
   427 | D        | Reached ***** piety under Cheibriados
   432 | D        | Reached XP level 8. HP: 22/61 MP: 12/12
   733 | D        | Noticed a yak
   733 | D        | Noticed a spiny frog
   738 | D        | Killed a spiny frog
   739 | D        | Reached ****** piety under Cheibriados
   739 | D        | Killed a yak
   739 | D        | Reached XP level 9. HP: 9/67 MP: 7/14
   757 | D        | HP: 3/67 [poisoned by a spiny frog]
   764 | D        | HP: 3/67 [poisoned by a spiny frog]
   769 | D        | HP: 3/67 [poisoned by a spiny frog]
   775 | D        | HP: 3/67 [poisoned by a spiny frog]
   781 | D        | HP: 3/67 [poisoned by a spiny frog]
  1362 | D        | Noticed an elephant
  1362 | D        | Noticed an elephant
  1362 | D        | Noticed an elephant
  1362 | D        | Noticed an elephant
  1362 | D        | Noticed an elephant
  1362 | D        | Noticed an elephant
  1363 | D        | Noticed an elephant
  1369 | D        | Killed an elephant
  1369 | D        | Reached skill level 10 in Fighting
  1369 | D        | Reached skill level 10 in Dodging
  1369 | D        | Reached XP level 10. HP: 67/76 MP: 16/16
  1381 | D        | Killed an elephant
  1385 | D        | Killed an elephant
  1386 | D        | Noticed an elephant
  1388 | D        | Killed an elephant
  1391 | D        | Killed an elephant
  1391 | D        | Reached skill level 10 in Invocations
  1395 | D        | Killed an elephant
  1399 | D        | Killed an elephant
  1405 | D        | Killed an elephant
  1742 | D        | Noticed Psyche
  1749 | D        | Killed Psyche
  1890 | D        | Reached XP level 11. HP: 75/83 MP: 19/19
  1895 | D        | Reached skill level 15 in Unarmed Combat
  2132 | D        | Reached skill level 15 in Stealth
  2153 | D        | Found Isaaca's Distillery.
  2153 | D        | Noticed an orc sorcerer
  2153 | D        | Noticed an orc sorcerer
  2154 | D        | Noticed an orc sorcerer
  2157 | D        | Noticed a soul eater
  2157 | D        | Killed an orc sorcerer
  2158 | D        | Found Jeklat's Jewellery Shop.
  2159 | D        | Noticed an orc sorcerer
  2161 | D        | Killed an orc sorcerer
  2167 | D        | Killed an orc sorcerer
  2168 | D        | Killed an orc sorcerer
  2169 | D        | Found Yngaezai's Magic Scroll Boutique.
  2219 | D        | Found Dekkakk's Assorted Antiques.
  2265 | D        | Bought the ring of Mysticism {rF+ rN+} for 398 gold pieces
  2265 | D        | Bought the ring "Yxtiuf" {rN+ Dex+4} for 389 gold pieces
  2265 | D        | Bought an uncursed ring of poison resistance for 220 gold pieces
  2268 | D        | Bought an uncursed ring of protection from fire for 275 gold pieces
  2268 | D        | Bought a +3 ring of protection for 231 gold pieces
  2289 | D        | Noticed Erica
  2294 | D        | Killed Erica
  2419 | D        | Noticed a deep elf mage
  2422 | D        | Noticed an ettin
  2431 | D        | Noticed a glowing orange brain
  2432 | D        | Noticed a deep troll earth mage
  2433 | D        | Killed a deep elf mage
  2435 | D        | Noticed a hell knight
  2436 | D        | Killed an ettin
  2437 | D        | Noticed a centaur warrior
  2440 | D        | Killed a glowing orange brain
  2441 | D        | Noticed a fire dragon
  2442 | D        | Killed a deep troll earth mage
  2447 | D        | Killed a hell knight
  2447 | D        | Reached XP level 12. HP: 45/92 MP: 7/21
  2448 | D        | Killed a centaur warrior
  2451 | D        | Killed a fire dragon
  2845 | D        | Noticed a tentacled monstrosity
  2845 | D        | Noticed a thorn hunter
  2854 | D        | Killed a tentacled monstrosity
  2858 | D        | Killed a thorn hunter
  3079 | D        | Reached XP level 13. HP: 25/100 MP: 10/23
  3363 | D        | Noticed an entropy weaver
  3385 | D        | Killed an entropy weaver
  3724 | D        | Noticed Kirke
  3735 | D        | Killed Kirke
  3735 | D        | Reached skill level 15 in Invocations
  3764 | D        | Noticed Snorg
  3773 | D        | Killed Snorg
  3848 | D        | Noticed a stone giant
  3848 | D        | Noticed a fire dragon
  3848 | D        | Noticed a tengu reaver
  3848 | D        | Noticed an ettin
  3850 | D        | Killed an ettin
  3852 | D        | Noticed a frost giant
  3853 | D        | Killed a tengu reaver
  3853 | D        | Reached skill level 15 in Fighting
  3853 | D        | Reached skill level 15 in Dodging
  3858 | D        | Noticed a fire giant
  3861 | D        | Killed a fire dragon
  3863 | D        | Noticed a stone giant
  3864 | D        | Killed a stone giant
  3868 | D        | Killed a frost giant
  3873 | D        | Reached XP level 14. HP: 53/110 MP: 7/25
  3874 | D        | Killed a fire giant
  3877 | D        | Killed a stone giant
  4239 | D        | Noticed an ironheart preserver
  4246 | D        | Killed an ironheart preserver
  4265 | D        | Noticed an orc warlord
  4270 | D        | Noticed a vault warden
  4280 | D        | Killed an orc warlord
  4287 | D        | Killed a vault warden
  4289 | D        | Noticed a frost giant
  4290 | D        | Noticed an ironheart preserver
  4302 | D        | Killed an ironheart preserver
  4304 | D        | Killed a frost giant
  4741 | D        | Noticed Mara
  4744 | D        | Noticed useraccount's illusion
  4751 | D        | Killed Mara
  4751 | D        | Reached XP level 15. HP: 90/120 MP: 6/27
  4991 | D        | Noticed Louise
  4992 | D        | Noticed Frederick
  5000 | D        | Killed Frederick
  5004 | D        | Killed Louise
  5013 | D        | Noticed a tengu reaver
  5081 | D        | Noticed Sojobo
  5083 | D        | Noticed a tengu reaver
  5088 | D        | Killed a tengu reaver
  5088 | D        | Killed a tengu reaver
  5089 | D        | Killed from afar by Sojobo

Vault maps used:
D:        linesprint

Skill      XL: |  1  2  3  4  5  6  7  8  9 10 11 12 13 14 15 |
---------------+----------------------------------------------+-----
Stealth        | 6 8 9 10 11 13 14 16 18 20 22 23 | 23.1
Fighting       | 4 5 6 7 8 10 11 12 13 15 17 | 17.5
Dodging        | 4 5 6 7 8 10 11 12 13 15 17 | 17.5
Unarmed Combat | 6 7 8 9 10 11 13 14 16 18 20 22 23 | 23.3
Invocations    | 3 4 6 7 9 10 12 14 15 17 18 | 18.2

Action                   |  1- 3 |  4- 6 |  7- 9 | 10-12 | 13-15 || total
-------------------------+-------+-------+-------+-------+-------++-------
Melee: Unarmed           |    15 |    32 |    62 |   140 |   140 ||   389
       Tentacles         |     6 |    11 |    25 |    64 |    64 ||   170
       Constrict         |     4 |     7 |     7 |    28 |    23 ||    69
       Punch             |     1 |     5 |    15 |    40 |    45 ||   106
Invok: Slouch            |       |       |     2 |    13 |    21 ||    36
       Bend Time         |       |       |       |     1 |       ||     1
 Stab: Sleeping          |     3 |       |     2 |    13 |     7 ||    25
       Distracted        |       |       |       |     1 |     2 ||     3
  Eat: Chunk             |       |       |       |     3 |     1 ||     4
       Bread ration      |       |       |       |     1 |     1 ||     2
Armor: Skin              |     1 |     2 |     1 |     4 |     4 ||    12
Dodge: Dodged            |     9 |    21 |    43 |   110 |    99 ||   282
